 Dungeon Crawl Stone Soup version 0.22-a0-348-gd16d139 (webtiles) character file.

431 nikopol the Magician (level 6, -4/32 HPs)
             Began as a Deep Elf Fire Elementalist on Apr 7, 2018.
             Was an Initiate of Vehumet.
             Killed by divine providence
             ... invoked by an orc priest
              (15 damage)
             ... on level 4 of the Dungeon on Apr 8, 2018.
             The game lasted 00:11:57 (3634 turns).

nikopol the Magician (Deep Elf Fire Elementalist)   Turns: 3634, Time: 00:11:59

Health: -4/32      AC:  3    Str:  5    XL:     6   Next: 67%
Magic:  6/16       EV: 14    Int: 22    God:    Vehumet [......]
Gold:   149        SH:  0    Dex: 15    Spells: 1/16 levels left

rFire    . . .     SeeInvis .   g - +2 short sword (speed)
rCold    . . .     Gourm    .   (no shield)
rNeg     . . .     Faith    .   a - +0 robe
rPois    .         Spirit   .   i - -1 helmet (curse)
rElec    .         Reflect  .   (no cloak)
rCorr    .         Harm     .   (no gloves)
MR       .....                  m - +0 pair of boots
Stlth    +++.......             (no amulet)
HPRegen  0.10/turn              (no ring)
MPRegen  0.15/turn              (no ring)

@: no status effects
A: no striking features
a: Renounce Religion


You were on level 4 of the Dungeon.
You worshipped Vehumet.
Vehumet was noncommittal.
You were hungry.

You visited 1 branch of the dungeon, and saw 4 of its levels.

You collected 275 gold pieces.
You spent 126 gold pieces at shops.

Inventory:

Hand Weapons
 g - a +2 short sword of speed (weapon)
 l - a +0 short sword of venom
Armour
 a - a +0 robe (worn)
 i - a cursed -1 helmet (worn)
 m - a +0 pair of boots (worn)
Jewellery
 e - an uncursed ring of flight {unknown}
Wands
 s - a wand of disintegration (14)
Scrolls
 b - a scroll of fear {unknown}
 d - 3 scrolls of identify
 h - 3 scrolls of remove curse {unknown}
 n - 3 scrolls of magic mapping
 o - 2 scrolls of enchant weapon {unknown}
 p - a scroll of random uselessness {unknown}
 q - 2 scrolls of teleportation
Potions
 f - a potion of haste {unknown}
 j - a potion of cancellation {unknown}
 k - a potion of curing
 r - a potion of agility {unknown}
Comestibles
 c - 6 rations


   Skills:
 + Level 0.3 Fighting
 + Level 3.4 Dodging
 + Level 3.8 Stealth
 + Level 5.5 Spellcasting
 + Level 3.6 Conjurations
 + Level 5.2 Fire Magic


You had one spell level left.
You knew the following spells:

 Your Spells              Type           Power        Failure   Level  Hunger
a - Flame Tongue          Conj/Fire      ####.        1%          1    None
b - Throw Flame           Conj/Fire      ####..       2%          2    None
c - Conjure Flame         Conj/Fire      ####....     4%          3    ##.....
d - Sticky Flame          Conj/Fire      ####....     16%         4    ####...
e - Fireball              Conj/Fire      ####......   38%         5    #####..


Dungeon Overview and Level Annotations

Branches:
Dungeon (4/15)
 Temple: D:4-7

Altars:
Uskayaw
Vehumet
Xom
The Shining One

Shops:
D:4 *


Message History

The orc priest calls down the wrath of Beogh upon you.
Beogh smites you!
Casting: Flame Tongue (safe; 1% risk of failure)
Confirm with . or Enter, or press ? or * to list all spells.
Aiming: Flame Tongue (safe; 1% risk of failure)
Press: ? - help, Shift-Dir - straight line, f/p - orc priest
Aim: an orc priest, wielding a trident The flame tongue hits the orc priest.
The orc priest is heavily wounded.
Casting: Flame Tongue (safe; 1% risk of failure)
Confirm with . or Enter, or press ? or * to list all spells.
Aiming: Flame Tongue (safe; 1% risk of failure)
Press: ? - help, Shift-Dir - straight line, f/p - orc priest
Aim: an orc priest, wielding a trident (heavily wounded)
The flame tongue hits the orc priest.
You kill the orc priest!
Vehumet accepts your kill.
The orc priest invokes the aid of Beogh against you.
Beogh smites you!
You die...

#...#.##.#######.#.#
#.# #.. ##.##.##.#
###.# #.# #.#
#....##.# #.# #.#
###..##†# #.# #..##.#
#.# #..##.# #### #.#
#..##.# #.. .#
####..##.###.########
#.....#...##@.§)o....
#..........#.########
#............#
##.###.#.###.#
#.##...####.#
#...........######
#.##...###.......#
#.###.## #.#####.#
#.###.## #.#


You could see an orc priest.

Vanquished Creatures
  Sigmund (D:3)
  A phantom (D:4)
  An orc priest (D:4)
  An orc wizard (D:4)
  6 adders
  2 worms
  2 dart slugs
  4 leopard geckos
  3 orcs
  7 bats
  3 giant cockroaches
  5 goblins
  7 hobgoblins
  7 jackals
  7 kobolds
  2 ball pythons
  3 frilled lizards (D:2)
  6 rats
68 creatures vanquished.

Notes
Turn   | Place    | Note
-------+----------+-------------------------------------------
     0 | D:1      | nikopol the Deep Elf Fire Elementalist began the quest for the Orb.
     0 | D:1      | Reached XP level 1. HP: 10/10 MP: 6/6
   303 | D:1      | Reached XP level 2. HP: 15/15 MP: 0/8
   374 | D:1      | Learned a level 2 spell: Throw Flame
  1051 | D:2      | Reached XP level 3. HP: 10/19 MP: 2/9
  1686 | D:2      | Reached XP level 4. HP: 24/24 MP: 9/12
  1850 | D:2      | Found a glowing golden altar of the Shining One.
  2188 | D:2      | Found a radiant altar of Vehumet.
  2191 | D:2      | Became a worshipper of Vehumet
  2244 | D:2      | Found a shimmering altar of Xom.
  2407 | D:3      | Noticed Sigmund
  2419 | D:3      | Learned a level 3 spell: Conjure Flame
  2424 | D:3      | Learned a level 4 spell: Sticky Flame
  2438 | D:3      | Killed Sigmund
  2438 | D:3      | Reached skill level 5 in Spellcasting
  2438 | D:3      | Reached XP level 5. HP: 28/28 MP: 3/14
  2532 | D:3      | Noticed a hand axe
  2533 | D:3      | Noticed a hand axe
  2534 | D:3      | Found a hide-covered altar of Uskayaw.
  2972 | D:3      | Reached XP level 6. HP: 32/32 MP: 13/15
  2979 | D:3      | Learned a level 5 spell: Fireball
  3371 | D:4      | Reached skill level 5 in Fire Magic
  3521 | D:4      | Found Udokaceb's General Store.
  3524 | D:4      | Bought a scroll of teleportation for 33 gold pieces
  3524 | D:4      | Bought a scroll of magic mapping for 38 gold pieces
  3524 | D:4      | Bought a potion of curing for 33 gold pieces
  3572 | D:4      | Bought a scroll of identify for 22 gold pieces
  3634 | D:4      | Killed from afar by an orc priest

Vault maps used:
D:1:      eino_arrival_cavern_e, st_stairs_11, minmay_misc_feat_more_columns,
          minmay_splitting_lines, minmay_misc_feat_tiny, hex_intersection
D:2:      lemuel_doored_altar, marbit_many_paths, nicolae_tso_swordbearing_angel
D:3:      dancing_weapons_uskayaw, uniq_sigmund
D:4:      serial_shops, nicolae_shop_behind_doors

Skill      XL: |  1  2  3  4  5  6 |
---------------+-------------------+-----
Dodging        | 3 |  3.4
Spellcasting   | 4 5 |  5.5
Fire Magic     | 4 5 |  5.2
Stealth        | 3 |  3.8
Conjurations   | 2 3 |  3.6
Fighting       | |  0.3

Action                   |  1- 3 |  4- 6 || total
-------------------------+-------+-------++-------
Melee: Unarmed           |     1 |       ||     1
       Short sword       |       |     1 ||     1
 Cast: Flame Tongue      |    66 |    80 ||   146
       Throw Flame       |       |     3 ||     3
       Conjure Flame     |       |     2 ||     2
       Sticky Flame      |       |     2 ||     2
  Eat: Chunk             |     2 |     6 ||     8
Armor: Robe              |    11 |     1 ||    12
Dodge: Dodged            |    27 |    12 ||    39

Table legend:
 A = Spawn XP
 B = Non-spawn XP
 C = Spawn XP percentage of total XP
 D = Spawn monster count
 E = Non-spawn monster count
 F = Spawn count percentage of total count
 G = Total turns spent on level
                    A         B        C        D         E        F      G
               +---------+---------+-------+---------+---------+-------+---------
         Total |       0 |     617 |   0.0 |       0 |      68 |   0.0 |  3634
               +---------+---------+-------+---------+---------+-------+---------
           D:1 |       0 |      22 |   0.0 |       0 |      11 |   0.0 |   927
           D:2 |       0 |     110 |   0.0 |       0 |      35 |   0.0 |  1440
           D:3 |       0 |     261 |   0.0 |       0 |      15 |   0.0 |   801
           D:4 |       0 |     224 |   0.0 |       0 |       7 |   0.0 |   466
               +---------+---------+-------+---------+---------+-------+---------
